 Dungeon Crawl Stone Soup version 0.29-a0-341-g24ffce5b50 (webtiles) character file.

Game seed: 18038025125563211618

186 bande the Covered (level 5, -6/33 HPs)
             Began as a Gargoyle Fighter on Apr 21, 2022.
             Killed by divine providence
             ... invoked by an orc priest
              (15 damage)
             ... on level 4 of the Dungeon.
             The game lasted 00:05:11 (2701 turns).

bande the Covered (Gargoyle Fighter)                Turns: 2701, Time: 00:05:12

Health: -6/33      AC: 14    Str: 19    XL:     5   Next: 66%
Magic:  5/5        EV:  7    Int:  9    God:
Gold:   137        SH:  0    Dex: 11    Spells: 4/4 levels left

rFire   . . .      SeeInvis .   a - +1 war axe
rCold   . . .      Faith    .   c - +0 buckler
rNeg    + . .      Spirit   .   l - +0 chain mail
rPois   ∞          Reflect  .   (no helmet)
rElec   +          Harm     .   (no cloak)
rCorr   +          Rampage  +   (no gloves)
Will    .....                   i - +0 pair of boots {rampage}
Stlth   ..........              (no amulet)
HPRegen 0.11/turn               e - ring of resist corrosion
MPRegen 0.09/turn               (no ring)

@: confused, mighty, ambrosia-drunk
A: sickness immunity, AC +4, negative energy resistance 1, electricity
resistance, torment resistance 1, petrification resistance
a: no special abilities


You were on level 4 of the Dungeon.
You visited 1 branch of the dungeon, and saw 4 of its levels.

You collected 137 gold pieces.

Inventory:

Hand Weapons
 a - a +1 war axe (weapon)
 k - a +0 flail
Armour
 c - a +0 buckler (worn)
 i - a +0 pair of boots of rampaging (worn)
 l - a +0 chain mail (worn)
Jewellery
 b - a ring of fire
 e - a ring of resist corrosion (left hand)
 p - a ring of magical power
Scrolls
 g - a scroll of enchant weapon
 h - a scroll of identify
 j - a scroll of fog
 m - 2 scrolls of teleportation
Potions
 d - a potion of might
 f - a potion of brilliance
 o - a potion of flight


   Skills:
 + Level 4.2 Fighting
 + Level 3.4 Axes
 + Level 4.5 Armour
 + Level 3.9 Shields


You had 4 spell levels left.
You didn't know any spells.
Your spell library contained the following spells:

 Spells                   Type           Power      Damage    Failure   Level
 Sting                    Tmut/Pois      0%         1d3       99%         1
 Poisonous Vapours        Pois/Air       0%         N/A       100%        2
 Olgreb's Toxic Radiance  Pois           0%         N/A       100%        4


Dungeon Overview and Level Annotations

Branches:
Dungeon (4/15)
 Temple: D:4-7

Altars:
Cheibriados
Elyvilon
Fedhas
Nemelex Xobeh
Ru
Xom
The Shining One

Annotations:
D:4 Sigmund


Innate Abilities, Weirdness & Mutations

You are immune to sickness and miasma.
Your stone body is resilient. (AC +4)
You are immune to poison.
You resist negative energy. (rN+)
You are resistant to electric shocks. (rElec)
You are resistant to unholy torment.
You are immune to petrification.


Message History

A puff of flame appears from out of thin air!
The puff of flame hits you!
Unknown command.
You closely miss something. You block the orc's attack.
Something hits you but does no damage.
Unknown command.
You miss something. The orc barely misses you.
A hobgoblin comes into view.
Something hits you but does no damage.
The orc hits you from afar with a +0 trident.
* * * LOW HITPOINT WARNING * * *
The orc hits you but does no damage.
Unknown command.
You completely miss something.
The hobgoblin shouts!
You hit the orc priest. You barely miss the orc.
The orc hits you but does no damage.
You hear some strange, mumbled words.
A magic dart appears from out of thin air!
The magic dart hits you but does no damage.
The orc priest hits you with a +0 hand axe.
* * * LOW HITPOINT WARNING * * *
Unknown command.
Okay, then.
You are confused.
You feel invigorated. Something hits you but does no damage.
The orc closely misses you. The orc hits you but does no damage.
The orc hits you from afar with a +0 trident.
The orc priest completely misses you.
Unknown command.
You closely miss the orc. You hit the orc. You hit something.
You miss the orc priest.
The orc priest calls down the wrath of Beogh upon you.
Beogh smites you!
* * * LOW HITPOINT WARNING * * *
The orc hits you but does no damage. x2; The orc completely misses you.
Something hits you but does no damage. The orc hits you but does no damage. x2
The orc priest calls down the wrath of Beogh upon you.
Beogh smites you!
You die...

#. #...# #..
#...# #..##...#
#.......+
#.?.....#
.>..^...# #
#..<#
.##..##oo.##...
......{@.og.....
.##...o.........
#..##..###..##
#. #..# +## ..
...# .. ....# .
....# ##..#


You could see an orc priest, 3 orcs and a hobgoblin.

Vanquished Creatures
  A necrophage (D:3)
  An orc priest (D:3)
  4 adders
  A worm (D:2)
  2 dart slugs
  9 orcs
  3 endoplasms
  A giant cockroach (D:2)
  4 goblins
  3 hobgoblins
  2 quokkas (D:1)
  5 ball pythons
  5 bats
  2 frilled lizards (D:2)
  4 kobolds
  3 rats
50 creatures vanquished.

Notes
Turn   | Place    | Note
-------+----------+-------------------------------------------
     0 | D:1      | bande the Gargoyle Fighter began the quest for the Orb.
     0 | D:1      | Reached XP level 1. HP: 14/14 MP: 1/1
   275 | D:1      | Found a faded altar of an unknown god.
   306 | D:1      | Reached XP level 2. HP: 19/19 MP: 2/2
  1069 | D:2      | Reached XP level 3. HP: 22/24 MP: 3/3
  1632 | D:3      | Found a sparkling altar of Nemelex Xobeh.
  1634 | D:3      | Reached XP level 4. HP: 29/29 MP: 4/4
  1713 | D:3      | Found a white marble altar of Elyvilon.
  1830 | D:3      | Found a snail-covered altar of Cheibriados.
  1830 | D:3      | Found a shimmering altar of Xom.
  1832 | D:3      | Found a glowing golden altar of the Shining One.
  1981 | D:3      | Found a blossoming altar of Fedhas.
  1983 | D:3      | Found a sacrificial altar of Ru.
  2075 | D:4      | Noticed Sigmund
  2082 | D:4      | Noticed a necrophage
  2378 | D:3      | Killed a necrophage
  2379 | D:3      | Reached XP level 5. HP: 30/33 MP: 5/5
  2701 | D:4      | Killed from afar by an orc priest

Illustrated notes

Levels and vault maps discovered:
D:1:      sevenhm_arrival_forest_fort_small_5, layout_loops_ring,
          hellmonk_ecumenical_altar_heavens_door
D:2:      layout_basic, kennysheep_generic_room_2
D:3:      layout_basic, mainiacjoe_overflow_alcove_1,
          nicolae_overflow_hidden_temple, mainiacjoe_overflow_six_doors_small
D:4:      layout_gridville, serial_shops, shop_fountains, uniq_sigmund

Skill      XL: |  1  2  3  4 |
---------------+-------------+-----
Axes           | 2 3 |  3.4
Armour         | 4 |  4.5
Fighting       | 4 |  4.2
Shields        | |  3.9

Action                   |  1- 3 |  4- 6 || total
-------------------------+-------+-------++-------
Melee: War axe           |    88 |    52 ||   140
  Use: Scroll            |     5 |     3 ||     8
       Potion            |       |     2 ||     2
Armor: Scale mail        |    58 |       ||    58
       Chain mail        |       |    54 ||    54
Dodge: Dodged            |    43 |    22 ||    65
Block: Buckler           |    23 |    14 ||    37

Table legend: (Time is in decaauts)
 A = Elapsed time spent in this place.
 B = Non-inter-level travel time spent in this place.
 C = Inter-level travel time spent in this place.
 D = Time resting spent in this place.
 E = Time spent auto-exploring this place.
 F = Levels seen in this place.
 G = Mean time per level.
                   A        B        C        D        E       F      G
               +--------+--------+--------+--------+--------+-----+--------+
         Total |   2766 |   2746 |     20 |    567 |   1706 |   4 |  691.5 |
       Dungeon |   2766 |   2746 |     20 |    567 |   1706 |   4 |  691.5 |
               +--------+--------+--------+--------+--------+-----+--------+

Top non-repeatable levels by time:
     D:3: 1078 daAuts
     D:1: 843 daAuts
     D:2: 818 daAuts
     D:4: 26 daAuts
